 Dungeon Crawl Stone Soup version 0.29-a0-88-g03a7b78be7 (webtiles) character file.

Game seed: 11676111874920622710

3392 enile the Magician (level 10, -8/73 HPs)
             Began as a Gnoll Wanderer on Feb 6, 2022.
             Was a Priest of Qazlal.
             Mangled by a bone dragon (18 damage)
             ... on level 2 of the Abyss.
             The game lasted 00:21:23 (12429 turns).

enile the Magician (Gnoll Wanderer)                Turns: 12429, Time: 00:21:24

Health: -8/73      AC: 11    Str: 14    XL:     10   Next: 4%
Magic:  0/20       EV: 11    Int: 13    God:    Qazlal [***...]
Gold:   213        SH:  4    Dex: 12    Spells: 14/23 levels left

rFire   x . .      SeeInvis .   G - +3 spear (chaos)
rCold   + . .      Faith    .   (no shield)
rNeg    . . .      Spirit   +   H - +4 scale mail
rPois   .          Reflect  .   (no helmet)
rElec   .          Harm     .   (no cloak)
rCorr   .          Rampage  .   (no gloves)
Will    .....                   (no boots)
Stlth   +.........              d - amulet of guardian spirit
HPRegen 0.22/turn               p - ring of ice
MPRegen 0.17/turn               w - +4 ring of slaying

@: brilliant
A: fangs 1, strong nose, distributed training
a: Renounce Religion, Upheaval, Elemental Force


You were on level 2 of the Abyss.
You worshipped Qazlal.
Qazlal was most pleased with you.
You visited 1 branch of the dungeon, and saw 9 of its levels.
You visited the Abyss 1 time.
You also visited: Sewer.

You collected 400 gold pieces.
You spent 187 gold pieces at shops.

Inventory:

Hand Weapons
 a - a +0 dagger
 f - a +0 dagger of protection
 u - a +0 rapier
 E - a +3 short sword
 G - a +3 spear of chaos (weapon)
 J - a +1 falchion of pain
 O - a +5 long sword of freezing
Missiles
 r - 2 atropa-tipped darts
 P - a throwing net (quivered)
 R - a curare-tipped dart
Armour
 b - a +0 scale mail
 y - a +0 plate armour
 H - a +4 scale mail (worn)
 I - +0 acid dragon scales
Jewellery
 d - an amulet of guardian spirit (around neck)
 p - a ring of ice (left hand)
 q - an amulet of reflection
 w - a +4 ring of slaying (right hand)
 N - a ring of magical power
Wands
 v - a wand of iceblast (23)
 Q - a wand of acid (3)
Scrolls
 e - 2 scrolls of teleportation
 g - 2 scrolls of fog
 h - 2 scrolls of noise
 j - 2 scrolls of torment
 k - a scroll of magic mapping
 m - 3 scrolls of vulnerability
 x - a scroll of immolation
 C - a scroll of fear
Potions
 i - 3 potions of haste {unknown}
 l - 3 potions of curing {unknown}
 o - a potion of flight {unknown}
 t - a potion of lignification {unknown}
 z - 2 potions of invisibility {unknown}
 A - a potion of attraction {unknown}
 B - 2 potions of cancellation {unknown}
 D - a potion of degeneration {unknown}
 K - 4 potions of mutation {unknown}
 M - a potion of ambrosia {unknown}


   Skills:
 + Level 4.8 Fighting
 + Level 4.8 Short Blades
 + Level 4.8 Long Blades
 + Level 4.8 Axes
 + Level 4.8 Maces & Flails
 + Level 4.8 Polearms
 + Level 4.8 Staves
 + Level 4.8 Slings
 + Level 4.8 Bows
 + Level 4.8 Crossbows
 + Level 4.8 Throwing
 + Level 6.7 Armour
 + Level 4.8 Dodging
 + Level 5.4 Stealth
 + Level 4.8 Shields
 + Level 4.8 Unarmed Combat
 + Level 7.0 Spellcasting
 + Level 4.0 Conjurations
 + Level 4.0 Hexes
 + Level 6.8 Summonings
 + Level 4.0 Necromancy
 + Level 4.0 Translocations
 + Level 4.0 Transmutations
 + Level 4.0 Fire Magic
 + Level 4.0 Ice Magic
 + Level 4.0 Air Magic
 + Level 4.0 Earth Magic
 + Level 5.6 Poison Magic
 + Level 5.3 Invocations
 + Level 4.8 Evocations


You had 14 spell levels left.
You knew the following spells:

 Your Spells              Type           Power      Damage    Failure   Level
a - Summon Small Mammal   Summ           100%       N/A       3%          1
b - Poisonous Vapours     Pois/Air       50%        N/A       12%         2
c - Spider Form           Tmut/Pois      25%        N/A       22%         3
d - Teleport Other        Tloc           22%        N/A       32%         3

Your spell library contained the following spells:

 Spells                   Type           Power      Damage    Failure   Level
 Sting                    Tmut/Pois      100%       1d8       8%          1
 Animate Skeleton         Necr           44%        N/A       11%         1
 Apportation              Tloc           44%        N/A       11%         1
 Magic Dart               Conj           88%        1d7       11%         1
 Searing Ray              Conj           44%        2d6       16%         2
 Sublimation of Blood     Necr           22%        N/A       16%         2
 Wereblood                Tmut           22%        N/A       16%         2
 Gell's Gravitas          Tloc           22%        N/A       32%         3
 Olgreb's Toxic Radiance  Pois           28%        N/A       50%         4
 Animate Armour           Summ/Erth      56%        N/A       52%         4
 Summon Ice Beast         Ice/Summ       42%        N/A       52%         4
 Fulminant Prism          Conj/Hex       11%        3d9       71%         4
 Iskenderun's Mystic Bla  Conj/Tloc      22%        2d6       71%         4
 Alistair's Intoxication  Tmut/Pois      16%        N/A       91%         5
 Lee's Rapid Deconstruct  Erth           11%        3d9*      96%         5
 Dispersal                Tloc           11%        N/A       100%        6
 Summon Hydra             Summ           16%        N/A       100%        7


Dungeon Overview and Level Annotations

Branches:
Dungeon (9/15)             Temple (0/1) D:5           Sewer (visited)
   Lair: D:8-11         Orc: D:9-12

Altars:
Qazlal
Trog
Vehumet
Beogh

Shops:
D:5 *

Annotations:
D:8 Grum


Innate Abilities, Weirdness & Mutations

You have very sharp teeth.
Your uncanny sense of smell can sniff out nearby items.
Your experience applies equally to all skills.


Message History

You open the door.
The bone dragon is engulfed in freezing vapours.
The bone dragon bites you but does no damage.
The bone dragon claws you but does no damage.
The bone dragon tramples you.
You hold your ground!
The bone dragon bites you!!
* * * LOW HITPOINT WARNING * * *
The bone dragon claws you!
* * * LOW HITPOINT WARNING * * *
The bone dragon tramples you but does no damage.
There is an open door, spattered with blood here.
The bone dragon is engulfed in freezing vapours.
Throw: throwing net
Press: ? - help, Q - select action, (/) - cycle Shift-Dir - straight line, f - bone dragon
Aim: a bone dragon (lightly damaged, 85% to hit, immune to nets)
Okay, then.
Press: ? - help, v - describe, . - travel
Here: a bone dragon (lightly damaged)
An open door, spattered with blood.
Okay, then.
As you read the scroll labelled FIOLIZ KOYC, it crumbles to dust.
It is a scroll of brand weapon.
Your +3 spear erupts in a glittering mayhem of colour.
G - a +3 spear of chaos The bone dragon barely misses you.
You block the bone dragon's attack.
The bone dragon tramples you but does no damage.
Your +5 long sword of freezing stops glowing.
Your +3 spear of chaos is briefly surrounded by a scintillating aura of random colours.
G - a +3 spear of chaos (weapon)
Okay, then.
As you read the scroll labelled GESSASCHAZE, it crumbles to dust.
You speak a Word of immense power!
The bone dragon convulses!
It was a scroll of holy word.
The bone dragon bites you!
* * * LOW HITPOINT WARNING * * *
The bone dragon claws you but does no damage.
The bone dragon tramples you but does no damage.
It was a potion of brilliance.
You feel clever all of a sudden. The bone dragon bites you!!
You die...

. ..# # .######## #
...#.....# # . ...
#.....# .# #. #..
#.##..# . ...
#'###.###D###
.#...#......#..☼@.#
.### #...#.###....#
.#.#.. #.....#......#
.#.... .##.##.......#
###.......##....###.##
# ..#... #.#.#.. ..
..### #. ##..#.. .#
#........#.#... #.
.##.....#...#


You could see a bone dragon (dazed).

Vanquished Creatures
  Harold (D:8)
  2 acid dragons
  A water moccasin (D:7)
  A sky beast (D:6)
  2 ice beasts
  2 orc warriors (D:9)
  A black bear (D:7)
  2 necrophages
  An ogre (D:6)
  2 wolves (D:8)
  A centaur (D:7)
  A phantom (D:5)
  2 kobold brigands (Sewer)
  3 wights
  3 centaur zombies
  2 hounds (D:4)
  3 jellies
  2 orc priests
  2 bullfrog skeletons
  2 iguanas (D:6)
  5 orc wizards
  A hound skeleton (D:4)
  2 howler monkey zombies (D:9)
  5 adders
  4 river rats (Sewer)
  A shadow imp (D:6)
  3 white imps
  2 ufetubi
  A dart slug (D:2)
  41 orcs
  6 ball pythons
  3 bats
  2 endoplasms (D:2)
  2 giant cockroaches
  9 goblins
  4 hobgoblins
  2 jackals (Sewer)
  A quokka (D:5)
  6 frilled lizards
  8 kobolds
  9 rats
153 creatures vanquished.

Vanquished Creatures (collateral kills)
  An ogre (D:4)
  A bullfrog zombie (D:6)
  A hound (D:5)
  A centaur skeleton (D:5)
  2 adders
  A worm (D:5)
  2 orcs (D:5)
  2 ball pythons (D:4)
  5 endoplasms
  A giant cockroach (D:2)
  5 goblins
  4 hobgoblins
  2 quokkas
  A bat (D:1)
  2 frilled lizards
  4 kobolds
  3 rats
38 creatures vanquished.

Vanquished Creatures (others)
  17 plants (Sewer)
  9 withered plants (D:8)
26 creatures vanquished.

Grand Total: 217 creatures vanquished

Notes
Turn   | Place    | Note
-------+----------+-------------------------------------------
     0 | D:1      | enile the Gnoll Wanderer began the quest for the Orb.
     0 | D:1      | enile set off with the following items: a +0 dagger, a +0
                  | scale mail; and the following spells available to memorise:
                  | Summon Small Mammal, Sting, Spider Form, Animate Armour,
                  | Summon Ice Beast
     0 | D:1      | Reached XP level 1. HP: 13/13 MP: 6/6
   114 | D:1      | Learned a level 1 spell: Summon Small Mammal
   565 | D:1      | Reached XP level 2. HP: 9/19 MP: 4/7
  2375 | D:2      | Reached XP level 3. HP: 21/25 MP: 6/9
  2435 | D:2      | Found a faded altar of an unknown god.
  2442 | D:2      | Prayed at the altar of an unknown god.
  2442 | D:2      | Became a worshipper of Qazlal Stormbringer
  2442 | D:2      | Reached * piety under Qazlal
  2448 | D:2      | Reached skill level 5 in Spellcasting
  2823 | D:2      | Reached skill level 1 in Invocations
  3626 | D:3      | Reached skill level 1 in Fighting
  3626 | D:3      | Reached skill level 1 in Short Blades
  3626 | D:3      | Reached skill level 1 in Long Blades
  3626 | D:3      | Reached skill level 1 in Axes
  3626 | D:3      | Reached skill level 1 in Maces & Flails
  3626 | D:3      | Reached skill level 1 in Polearms
  3626 | D:3      | Reached skill level 1 in Staves
  3626 | D:3      | Reached skill level 1 in Slings
  3626 | D:3      | Reached skill level 1 in Bows
  3626 | D:3      | Reached skill level 1 in Crossbows
  3626 | D:3      | Reached skill level 1 in Throwing
  3626 | D:3      | Reached skill level 1 in Dodging
  3626 | D:3      | Reached skill level 1 in Shields
  3626 | D:3      | Reached skill level 1 in Unarmed Combat
  3626 | D:3      | Reached skill level 1 in Evocations
  3713 | D:3      | Reached XP level 4. HP: 17/32 MP: 9/11
  3968 | D:3      | Found a radiant altar of Vehumet.
  4669 | D:4      | Reached skill level 1 in Conjurations
  4669 | D:4      | Reached skill level 1 in Hexes
  4669 | D:4      | Reached skill level 1 in Necromancy
  4669 | D:4      | Reached skill level 1 in Translocations
  4669 | D:4      | Reached skill level 1 in Transmutations
  4669 | D:4      | Reached skill level 1 in Fire Magic
  4669 | D:4      | Reached skill level 1 in Ice Magic
  4669 | D:4      | Reached skill level 1 in Air Magic
  4669 | D:4      | Reached skill level 1 in Earth Magic
  4896 | D:4      | Reached XP level 5. HP: 25/37 MP: 10/12
  5202 | D:4      | Noticed an ogre
  5226 | D:4      | Killed an ogre
  5227 | D:4      | Reached XP level 6. HP: 13/44 MP: 2/13
  5803 | D:4      | Found a bloodstained altar of Trog.
  5949 | D:5      | Entered Level 5 of the Dungeon
  6083 | D:5      | Found a staircase to the Ecumenical Temple.
  6160 | D:5      | Reached skill level 5 in Armour
  6182 | D:5      | Found Beziatz's Assorted Antiques.
  6188 | D:5      | Noticed an ice beast
  6212 | D:5      | Killed an ice beast
  6280 | D:5      | Reached ** piety under Qazlal
  6293 | D:5      | Reached XP level 7. HP: 14/50 MP: 2/15
  6407 | D:5      | Found a glowing drain.
  6411 | Sewer    | Entered a sewer
  6790 | Sewer    | Learned a level 2 spell: Poisonous Vapours
  7975 | D:5      | Bought a brown potion for 19 gold pieces
  7975 | D:5      | Bought 2 cyan potions for 39 gold pieces
  7975 | D:5      | Bought a scroll labelled IGEONK ZUGOUL for 22 gold pieces
  7975 | D:5      | Bought a murky ruby potion for 19 gold pieces
  7975 | D:5      | Bought a wand of iceblast (5) for 88 gold pieces
  8205 | D:5      | Found a runed translucent door.
  8232 | D:5      | Reached XP level 8. HP: 53/57 MP: 14/16
  8641 | D:5      | Reached *** piety under Qazlal
  9040 | D:6      | Reached skill level 6 in Spellcasting
 10301 | D:7      | Reached skill level 5 in Poison Magic
 10301 | D:7      | Reached XP level 9. HP: 62/65 MP: 16/18
 11666 | D:8      | Noticed Harold
 11690 | D:8      | Noticed a hellwing
 11692 | D:8      | Reached skill level 5 in Stealth
 11695 | D:8      | Noticed Grum
 11705 | D:8      | Killed Harold
 11706 | D:8      | Reached skill level 5 in Invocations
 11958 | D:9      | Reached skill level 7 in Spellcasting
 12037 | D:9      | Reached XP level 10. HP: 51/73 MP: 20/20
 12260 | D:9      | Learned a level 3 spell: Spider Form
 12329 | D:9      | Noticed a wizard
 12332 | D:9      | Cast into level 2 of the Abyss (a wizard)
 12349 | Abyss:2  | Learned a level 3 spell: Teleport Other
 12362 | Abyss:2  | Noticed a starcursed mass
 12376 | Abyss:2  | Noticed a thrashing horror
 12384 | Abyss:2  | Paralysed by accursed screaming for 1 turns
 12405 | Abyss:2  | Noticed a bone dragon
 12429 | Abyss:2  | Mangled by a bone dragon

Illustrated notes

Levels and vault maps discovered:
D:1:      sevenhm_arrival_forest_fort_large_4, layout_basic, minmay_pentomino_v2
D:2:      layout_basic, shapermc_ecumenical_altar_mp_highgroup
D:3:      layout_basic, nicolae_vehumet_altar_sigil, wad_floor_pattern_2,
          minmay_misc_feat_enclosed, kennysheep_boxes
D:4:      layout_gridville, mainiacjoe_overflow_cross_hatched
D:5:      layout_basic, minmay_temple_entry_mist, serial_shops, shop,
          gup_sewer_entry_spiral, lightli_church_of_beogh
D:6:      layout_basic, minmay_chambers_of_fives
D:7:      layout_basic, serial_aquarium, aquarium_bridge_square
          [aquarium_subvault_wall, aquarium_subvault_bridge,
          aquarium_subvault_wall, aquarium_subvault_bridge],
          aquarium_bridge_straight [aquarium_subvault_bridge,
          aquarium_subvault_wall, aquarium_subvault_bridge,
          aquarium_subvault_wall], aquarium_window_fake, aquarium_window_fake,
          aquarium_window_1, aquarium_view_2f, aquarium_pool_side
D:8:      cheibrodos_grave_circle, layout_basic, uniq_grum, uniq_harold
D:9:      layout_basic, kb_rosetta
Abyss:2:  base:
D:4

Skill      XL: |  1  2  3  4  5  6  7  8  9 |
---------------+----------------------------+-----
Spellcasting   | 5 6 7 |  7.0
Invocations    | 1 2 3 4 5 |  5.3
Fighting       | 1 2 3 4 |  4.8
Short Blades   | 1 2 3 4 |  4.8
Long Blades    | 1 2 3 4 |  4.8
Axes           | 1 2 3 4 |  4.8
Maces & Flails | 1 2 3 4 |  4.8
Polearms       | 1 2 3 4 |  4.8
Staves         | 1 2 3 4 |  4.8
Slings         | 1 2 3 4 |  4.8
Bows           | 1 2 3 4 |  4.8
Crossbows      | 1 2 3 4 |  4.8
Throwing       | 1 2 3 4 |  4.8
Dodging        | 1 2 3 4 |  4.8
Shields        | 1 2 3 4 |  4.8
Unarmed Combat | 1 2 3 4 |  4.8
Evocations     | 1 2 3 4 |  4.8
Conjurations   | 1 2 3 4 |  4.0
Hexes          | 1 2 3 4 |  4.0
Necromancy     | 1 2 3 4 |  4.0
Translocations | 1 2 3 4 |  4.0
Transmutations | 1 2 3 4 |  4.0
Fire Magic     | 1 2 3 4 |  4.0
Ice Magic      | 1 2 3 4 |  4.0
Air Magic      | 1 2 3 4 |  4.0
Earth Magic    | 1 2 3 4 |  4.0
Stealth        | 3 4 5 |  5.4
Poison Magic   | 4 5 |  5.6
Armour         | 5 6 |  6.7
Summonings     | 6 |  6.8

Action                   |  1- 3 |  4- 6 |  7- 9 | 10-12 || total
-------------------------+-------+-------+-------+-------++-------
Melee: Dagger            |   140 |   143 |   316 |       ||   599
       Bite              |     7 |    13 |    51 |       ||    71
       Punch             |       |     3 |    13 |       ||    16
       Spear             |       |       |   106 |       ||   106
       Short sword       |       |       |    18 |       ||    18
       Long sword        |       |       |    38 |     3 ||    41
Throw: Dart              |       |       |    12 |     1 ||    13
       Throwing net      |       |       |     2 |       ||     2
 Cast: Summon Small Mamm |    64 |    52 |   109 |       ||   225
       Poisonous Vapours |       |       |     7 |       ||     7
Invok: Upheaval          |       |       |     2 |       ||     2
Evoke: Wand              |       |     2 |       |       ||     2
  Use: Scroll            |       |     1 |     4 |    10 ||    15
       Potion            |       |       |       |     1 ||     1
 Stab: Distracted        |       |     1 |       |       ||     1
       Invisible         |       |       |     2 |       ||     2
       Held in net/web   |       |       |     1 |       ||     1
Armor: Scale mail        |   102 |   103 |   181 |     6 ||   392
Dodge: Dodged            |    74 |    92 |   151 |     1 ||   318
Block: Other             |    10 |    17 |   146 |     2 ||   175
       Reflection        |       |       |     6 |       ||     6

Table legend: (Time is in decaauts)
 A = Elapsed time spent in this place.
 B = Non-inter-level travel time spent in this place.
 C = Inter-level travel time spent in this place.
 D = Time resting spent in this place.
 E = Time spent auto-exploring this place.
 F = Levels seen in this place.
 G = Mean time per level.
                   A        B        C        D        E       F      G
               +--------+--------+--------+--------+--------+-----+--------+
         Total |  12648 |  12374 |    274 |     81 |   9715 |  11 | 1149.8 |
       Dungeon |  10862 |  10588 |    274 |     81 |   8577 |   9 | 1206.9 |
         Abyss |     96 |     96 |      0 |      0 |      0 |   1 |   96.0 |
         Sewer |   1689 |   1689 |      0 |      0 |   1138 |   1 | 1689.0 |
               +--------+--------+--------+--------+--------+-----+--------+

Top non-repeatable levels by time:
     D:1: 2215 daAuts
   Sewer: 1689 daAuts
     D:5: 1418 daAuts
     D:7: 1408 daAuts
     D:2: 1395 daAuts
     D:4: 1328 daAuts
     D:6: 1277 daAuts
     D:3: 1025 daAuts
     D:9: 606 daAuts
     D:8: 187 daAuts
 Abyss:2: 96 daAuts
